 Dungeon Crawl Stone Soup version 0.30-a0-986-g7f2e898f52 (webtiles) character file.

Game seed: 4988135832690825730

574 ytrimaz the Changer (level 6, -3/46 HPs)
             Began as a Demigod Transmuter on Apr 2, 2023.
             Slain by a gnoll sergeant
             ... wielding a +0 trident
              (9 damage)
             ... on level 4 of the Dungeon.
             The game lasted 00:07:07 (4939 turns).

ytrimaz the Changer (Demigod Transmuter)            Turns: 4939, Time: 00:07:08

Health: -3/46      AC:  2    Str: 11    XL:     6   Next: 87%
Magic:  8/11       EV: 19    Int: 23    God:
Gold:   388        SH:  0    Dex: 19    Spells: 2/8 levels left

rFire   . . .      SeeInvis .      - Unarmed
rCold   . . .      Faith    .    (shield currently unavailable)
rNeg    . . .      Spirit   .    a - melded +0 robe
rPois   x          Reflect  .    (helmet currently unavailable)
rElec   .          Rampage  .    m - melded +1 cloak
rCorr   .                        (gloves currently unavailable)
Will    .....                    (boots currently unavailable)
Stlth   ++                       g - amulet of regeneration
HPRegen 1.07/turn                (no ring)
MPRegen 0.12/turn                (no ring)

@: spider-form
A: venomous fangs, tiny, high MP 1, forlorn, divine attributes
a: End Transformation


You were on level 4 of the Dungeon.
You were a venomous arachnid creature.
You visited 1 branch of the dungeon, and saw 4 of its levels.
You also visited: Sewer.

You collected 388 gold pieces.


Innate Abilities, Weirdness & Mutations

You are a venomous arachnid creature.
You have venomous fangs.
You are tiny and dextrous.
Your spellcasting is less reliable in this form.
Your armour is entirely melded.
You are incapable of wielding weapons or throwing items.
You have an increased reservoir of magic. (+10% MP)
You shall have no god before yourself.
Your divine heritage dramatically boosts your attributes as you level up.


   Skills:
 - Level 0.8 Fighting
 - Level 1.7 Dodging
 - Level 2.6 Unarmed Combat
 - Level 1.7 Spellcasting
 + Level 7.2 Transmutations


You had 2 spell levels left.
You knew the following spells:

 Your Spells              Type           Power      Damage    Failure   Level
a - Beastly Appendage     Tmut           70%        N/A       4%          1
b - Wereblood             Tmut           35%        N/A       5%          2
c - Spider Form           Tmut/Pois      18%        N/A       22%         3

Your spell library contained the following spells:

 Spells                   Type           Power      Damage    Failure   Level
 Sting                    Tmut/Pois      72%        1d6       11%         1
 Poisonous Vapours        Pois/Air       4%         N/A       41%         2
 Scorch                   Fire           4%         2d5       41%         2
 Sublimation of Blood     Necr           2%         N/A       41%         2
 Ice Form                 Ice/Tmut       18%        N/A       52%         4
 Flame Wave               Conj/Fire      2%         2d4       91%         4
 Olgreb's Toxic Radiance  Pois           2%         N/A       91%         4
 Summon Cactus Giant      Summ           1%         N/A       100%        6
 Summon Hydra             Summ           1%         N/A       100%        7

Inventory:

Missiles
 r - a throwing net
Armour
 a - a +0 robe (melded)
 m - a +1 cloak (melded)
   (You found it on level 1 of the Dungeon)
Jewellery
 g - an amulet of regeneration (around neck)
   (You found it on level 4 of the Dungeon)
 p - a ring of flight
   (You took it off an orc on level 4 of the Dungeon)
Wands
 c - a wand of mindburst (20)
   (You found it on level 2 of the Dungeon)
 d - a wand of paralysis (10)
   (You found it on level 4 of the Dungeon)
 o - a wand of light (8)
   (You took it off an orc on level 4 of the Dungeon)
Scrolls
 b - a scroll of torment
 e - 2 scrolls of noise
 h - 5 scrolls of teleportation
 i - a scroll of vulnerability
 j - a scroll of enchant armour
 v - a scroll of silence
Potions
 f - 4 potions of mutation
 k - 2 potions of curing
 l - 3 potions of cancellation
 n - a potion of ambrosia
 q - a potion of haste {unknown}
 s - 2 potions of berserk rage {unknown}
 t - a potion of heal wounds
 u - 2 potions of brilliance {unknown}

Dungeon Overview and Level Annotations

Branches:
Dungeon (4/15) Zot: 19273   Sewer (visited)
 Temple: D:4-7

###### .....# #######
##+######### .....#
#####....)####..........#
.....###........)ggg#..........#
.....#≈≈.≈~#....s#.))..........#
.....~≈≈≈≈≈~.....#..#..........#
...~#~≈≈~~~#≈~...####..........##
.#~≈~≈~...~≈≈≈≈.......#'##......#
..≈≈≈#.~8.≈≈#≈≈.......#..'......+
.~~~≈~~~.~#≈≈≈≈≈......#..#......#
~~~~#≈≈~.~≈≈#≈≈≈~.....#..#......#
~#≈~≈≈≈...~~~~≈~~.....####......#
.≈≈~~~~.<.~≈≈~~≈......# ##......


You could see a gnoll sergeant (very poisoned) and 2 gnolls.


Message History

You closely miss the adder.
The adder closely misses you. 😕 HP[+1] Unknown command.
You closely miss the adder. Your punch misses the adder.
The adder barely misses you. The adder closely misses you. 😕 HP[+1]
You hit the adder.
You kill the adder! 😕 HP[+1] Unknown command.
Casting: Spider Form (dangerous; 9% risk of failure)
Confirm with . or Enter, or press ? or * to list all spells.
You turn into a venomous arachnid creature.
Your +1 cloak melds into your body.
Your +0 robe melds into your body. 😕 HP[+1] MP[-3]
You lost 3 mp, and now have 8/11 mp.
Unknown command.
Your transformation is almost over.
Your transformation has ended.
Your +1 cloak unmelds from your body.
Your +0 robe unmelds from your body. 😎 HP[+3] MP[+1]
Your hp is fully restored (46).
There is an open door here.
You open the door.
A ball python comes into view.
The ball python hisses angrily.
The ball python misses you. The ball python grabs you.
The ball python constricts you. 😎 MP[+2]
Your mp is fully restored (11).
You hit the ball python. The ball python closely misses you.
The ball python constricts you.
You hit the ball python.
You kill the ball python!
Unknown command.
There is an open door here.
You see here a ball python corpse.
There is an open door here.
There is an open door here.
Things that are here:
a +0 dagger; a +0 sling Key pressed, stopping explore.
You open the door.
There is an open door here.
v - a scroll of silence You open the door.
There is an open door here.
You open the door.
There is an open door here.
There is an open door here.
There is an open door here.
Key pressed, stopping explore.
Key pressed, stopping explore.
Key pressed, stopping explore.
There is an open door here.
There is an open door here.
There is an open door here.
Key pressed, stopping explore.
You enter the shallow water.
Moving in this stuff is going to be slow.
You enter the shallow water.
Moving in this stuff is going to be slow.
The gnoll shouts!
There are monsters nearby!
There are monsters nearby!
The gnoll sergeant shouts!
Casting: Spider Form (dangerous; 9% risk of failure)
Confirm with . or Enter, or press ? or * to list all spells.
You turn into a venomous arachnid creature.
Your +1 cloak melds into your body.
Your +0 robe melds into your body.
The gnoll shouts! 😎 MP[-3]
You lost 3 mp, and now have 8/11 mp.
Unknown command.
The gnoll sergeant hits you from afar with a +0 trident!
You see here a +0 hand axe. 😮 HP[-13]
You take 13 damage, and now have 33/46 hp.
MASSIVE DAMAGE!! (PAUSE)
The gnoll sergeant barely misses you.
You see here a +0 flail. 😮 HP[+1] 😕 HP[+1]
The gnoll hits you from afar with a +0 halberd!
You see here a +0 flail. 😮 HP[-10]
You take 10 damage, and now have 25/46 hp.
MASSIVE DAMAGE!! (PAUSE)
You hit the gnoll sergeant.
The gnoll sergeant is poisoned.
The gnoll sergeant hits you with a +0 trident!
* * * LOW HITPOINT WARNING * * *
The gnoll hits you from afar with a +0 halberd!
* * * LOW HITPOINT WARNING * * *
😱 HP[-20]
You take 20 damage, and now have 5/46 hp.
MASSIVE DAMAGE!! (PAUSE)
You hit the gnoll sergeant.
The gnoll sergeant looks even sicker.
The gnoll sergeant hits you with a +0 trident!
You die...

Skill      XL: |  1  2  3  4  5  6 |
---------------+-------------------+-----
Transmutations | 2 3 4 5 6 7 |  7.2
Fighting       | |  0.8
Dodging        | |  1.7
Unarmed Combat | |  2.6
Spellcasting   | |  1.7

Action                     |  1- 3 |  4- 6 || total
---------------------------+-------+-------++-------
  Melee: Unarmed           |    84 |   370 ||   454
         Kick              |    16 |    20 ||    36
         Headbutt          |    13 |    11 ||    24
         Punch             |     1 |     9 ||    10
   Cast: Beastly Appendage |     9 |    21 ||    30
         Wereblood         |     1 |     2 ||     3
         Spider Form       |       |    26 ||    26
    Use: Potion            |     1 |     2 ||     3
         Scroll            |    11 |     7 ||    18
   Stab: Sleeping          |       |     1 ||     1
 Armour: Robe              |    21 |    59 ||    80
         Skin              |     5 |    15 ||    20
  Dodge: Dodged            |    61 |   359 ||   420

Levels and vault maps discovered:
D:1:      tarquinn_simple_flora_water_f, layout_rooms, minmay_pentomino_z2
D:2:      layout_basic
D:3:      layout_basic
D:4:      kennysheep_slugbush, layout_gridville, gup_sewer_entry_bubbles,
          minmay_snake_closets, uniq_robin

Notes
Turn   | Place    | Note
-------+----------+-------------------------------------------
     0 | D:1      | ytrimaz the Demigod Transmuter began the quest for the Orb.
     0 | D:1      | Reached XP level 1. HP: 15/15 MP: 5/5
     0 | D:1      | magus.rc [v1.9.6]
    29 | D:1      | Reached skill level 2 in Transmutations
    95 | D:1      | You pick up a book of Scorching and begin reading...
    95 | D:1      | You add the spells Scorch, Flame Wave and Summon Cactus
                  | Giant to your library.
   181 | D:1      | Reached XP level 2. HP: 13/22 MP: 7/7
   357 | D:1      | Learned a level 2 spell: Wereblood
   462 | D:1      | Reached skill level 3 in Transmutations
   886 | D:2      | Reached XP level 3. HP: 19/27 MP: 8/8
  1158 | D:2      | Noticed a scorpion
  1168 | D:2      | Killed a scorpion
  1169 | D:2      | Reached skill level 4 in Transmutations
  1169 | D:2      | Reached XP level 4. HP: 19/34 MP: 6/9
  1262 | D:2      | You fall into a shaft and drop 2 floors!
  1419 | D:4      | Learned a level 3 spell: Spider Form
  1529 | D:4      | HP: 8/34 [poisoned by an adder]
  1545 | D:4      | HP: 5/34 [worm (9)]
  1564 | D:4      | Found a glowing drain.
  1578 | Sewer    | Entered a sewer
  1695 | Sewer    | Noticed a water moccasin
  1713 | Sewer    | Killed a water moccasin
  1714 | Sewer    | Reached skill level 5 in Transmutations
  1714 | Sewer    | Reached XP level 5. HP: 24/39 MP: 4/10
  2453 | D:3      | Reached skill level 6 in Transmutations
  2453 | D:3      | Reached XP level 6. HP: 44/46 MP: 8/11
  4002 | D:4      | You pick up a book of Blood and begin reading...
  4002 | D:4      | You add the spells Sublimation of Blood and Summon Hydra to
                  | your library.
  4276 | D:4      | Noticed Robin
  4299 | D:4      | Killed Robin
  4331 | D:4      | Reached skill level 7 in Transmutations
  4545 | D:4      | You add the spells Sting, Poisonous Vapours and Olgreb's
                  | Toxic Radiance to your library.
  4938 | D:4      | HP: 5/46 [gnoll/+0 halberd[a gnoll sergeant] (14)]
  4939 | D:4      | Slain by a gnoll sergeant

Vanquished Creatures
  A scorpion (D:2)
  An orc priest (D:4)
  4 orc wizards
  Robin (D:4)
  3 gnolls (D:3)
  6 adders
  A river rat (D:4)
  4 worms
  11 dart slugs
  19 orcs
  7 bats
  7 endoplasms
  3 giant cockroaches
  15 goblins
  10 hobgoblins
  7 jackals
  5 quokkas
  15 ball pythons
  4 frilled lizards
  4 kobolds
  5 rats
133 creatures vanquished.

Vanquished Creatures (collateral kills)
  A water moccasin (Sewer)
1 creature vanquished.

Vanquished Creatures (others)
  A goblin (D:4)
1 creature vanquished.

Grand Total: 135 creatures vanquished

Table legend:
 A = Non-vault XP
 B = Vault XP
 C = Vault XP percentage of total XP
 D = Non-vault monster count
 E = Vault monster count
 F = Vault count percentage of total count
                 A         B        C        D         E       F
            +---------+---------+-------+---------+---------+-------
      Total |     485 |     336 |  40.9 |      87 |      47 |  35.1
            +---------+---------+-------+---------+---------+-------
        D:1 |      27 |       4 |  12.9 |      16 |       2 |  11.1
        D:2 |     134 |       0 |   0.0 |      23 |       0 |   0.0
        D:3 |     160 |       8 |   4.8 |      26 |       2 |   7.1
        D:4 |     164 |     173 |  51.3 |      22 |      39 |  63.9
      Sewer |       0 |     151 | 100.0 |       0 |       4 | 100.0
            +---------+---------+-------+---------+---------+-------

Illustrated notes

Table legend:
 A = Kills in this place as a percentage of kills in the entire game.
 B = Kills by you in this place as a percentage of kills by you in the entire game.
 C = Kills by friends in this place as a percentage of kills by friends in the entire game.
 D = Other kills in this place as a percentage of other kills in the entire game.
 E = Experience gained in this place as a percentage of experience gained in the entire game.
 F = Experience gained in this place divided by the number of levels of this place that you have seen.
                   A       B       C       D       E      F
               +-------+-------+-------+-------+-------+----------------------
         Total | 100.0 | 100.0 | 100.0 |   N/A | 100.0 | 164.2
       Dungeon |  97.0 |  97.7 |   0.0 |   N/A |  81.6 | 167.5
         Sewer |   3.0 |   2.3 | 100.0 |   N/A |  18.4 | 151.0
               +-------+-------+-------+-------+-------+----------------------

Table legend: (Time is in decaauts)
 A = Elapsed time spent in this place.
 B = Non-inter-level travel time spent in this place.
 C = Inter-level travel time spent in this place.
 D = Time resting spent in this place.
 E = Time spent auto-exploring this place.
 F = Levels seen in this place.
 G = Mean time per level.
                   A        B        C        D        E       F      G
               +--------+--------+--------+--------+--------+-----+--------+
         Total |   4968 |   4656 |    312 |    174 |   3341 |   5 |  993.6 |
       Dungeon |   4725 |   4413 |    312 |    157 |   3194 |   4 | 1181.2 |
         Sewer |    243 |    243 |      0 |     17 |    146 |   1 |  243.0 |
               +--------+--------+--------+--------+--------+-----+--------+

Top non-repeatable levels by time:
     D:4: 1603 daAuts
     D:2: 1160 daAuts
     D:3: 1144 daAuts
     D:1: 815 daAuts
   Sewer: 243 daAuts
